 Dungeon Crawl Stone Soup version 0.21-a0-531-gacddea6 (webtiles) character file.

25 sugabear the Cudgeler (level 3, 0/25 HPs)
             Began as a Gnoll Wanderer on Dec 12, 2017.
             Slain by a jackal (2 damage)
             ... on level 1 of the Dungeon.
             The game lasted 00:01:08 (521 turns).

sugabear the Cudgeler (Gnoll Wanderer)               Turns: 521, Time: 00:01:08

Health: 0/25       AC:  2    Str: 16    XL:     3   Next: 6%
Magic:  7/7        EV: 11    Int: 14    God:
Gold:   40         SH:  0    Dex: 13    Spells: 7/7 levels left

rFire    . . .     SeeInvis .   a - +0 club
rCold    . . .     Gourm    .   (no shield)
rNeg     . . .     Faith    .   e - +0 robe
rPois    .         Spirit   .   (no helmet)
rElec    .         Reflect  .   (no cloak)
rCorr    .         Harm     .   (no gloves)
MR       .....                  (no boots)
Stlth    +.........             (no amulet)
HPRegen  0.08/turn              (no ring)
MPRegen  0.10/turn              (no ring)

@: no status effects
A: distributed training, fangs 1, strong nose
a: no special abilities


You were on level 1 of the Dungeon.
You were not hungry.

You visited 1 branch of the dungeon, and saw 1 of its levels.

You collected 40 gold pieces.

Inventory:

Hand Weapons
 a - a +0 club (weapon)
 b - a +0 shortbow
Missiles
 c - 35 arrows
Armour
 e - a +0 robe (worn)
Scrolls
 j - a scroll of fog {unknown}
 k - a scroll of teleportation {unknown}
Potions
 g - a potion of curing {unknown}
 i - a potion of might {unknown}
 m - a potion of cancellation {unknown}
Books
 d - the Incunabulum of the Mountains

   Spells                             Type                      Level
   a - Sandblast                      Earth                        1
   b - Stone Arrow                    Conjuration/Earth            3
Miscellaneous
 h - a box of beasts
Comestibles
 f - a bread ration
 l - 2 chunks of flesh


   Skills:
 + Level 0.5 Fighting
 + Level 0.5 Short Blades
 + Level 0.5 Long Blades
 + Level 0.5 Axes
 + Level 4.5 Maces & Flails
 + Level 0.5 Polearms
 + Level 0.5 Staves
 + Level 0.5 Slings
 + Level 0.5 Bows
 + Level 0.5 Crossbows
 + Level 2.5 Throwing
 + Level 2.5 Armour
 + Level 0.5 Dodging
 + Level 0.5 Stealth
 + Level 0.5 Shields
 + Level 0.5 Unarmed Combat
 + Level 2.7 Spellcasting
 + Level 0.4 Conjurations
 + Level 0.4 Hexes
 + Level 0.4 Charms
 + Level 0.4 Summonings
 + Level 0.4 Necromancy
 + Level 0.4 Translocations
 + Level 0.4 Transmutations
 + Level 3.7 Fire Magic
 + Level 0.4 Ice Magic
 + Level 0.4 Air Magic
 + Level 3.7 Earth Magic
 + Level 0.4 Poison Magic
 + Level 0.7 Invocations
 + Level 2.5 Evocations


You had 7 spell levels left.
You didn't know any spells.

Dungeon Overview and Level Annotations

Branches:
Dungeon (1/15)

Altars:
Fedhas


Innate Abilities, Weirdness & Mutations

Your experience applies equally to all skills.
You have very sharp teeth.
Your uncanny sense of smell can sniff out nearby items.


Message History

* * * LOW HITPOINT WARNING * * *
You hit the jackal.
You kill the jackal!
The jackal bites you.
* * * LOW HITPOINT WARNING * * *
You hit the jackal.
The jackal is lightly wounded.
The jackal completely misses you.
You completely miss the jackal.
The jackal is lightly wounded.
The jackal misses you.
The jackal bites you but does no damage.
You closely miss the jackal.
The jackal is lightly wounded.
The jackal bites you.
* * * LOW HITPOINT WARNING * * *
You hit the jackal. You bite the jackal, but do no damage.
The jackal is heavily wounded.
The jackal closely misses you. The jackal bites you.
You die...

#...........#
###.###...#...
#.............
#.#.###..###.#
#.#..##.......
#.##.##.####.#
##..).##.#
######........#
#..@h.(###..###
#.####'# #..# #
...##.# ....###
∆ ....# _...+
....# ....#


You could see a jackal.

Vanquished Creatures
  A leopard gecko (D:1)
  A giant cockroach (D:1)
  2 goblins (D:1)
  6 hobgoblins (D:1)
  3 jackals (D:1)
  4 kobolds (D:1)
  A bat (D:1)
  A frilled lizard (D:1)
  A rat (D:1)
20 creatures vanquished.

Notes
Turn   | Place    | Note
-------+----------+-------------------------------------------
     0 | D:1      | sugabear the Gnoll Wanderer began the quest for the Orb.
     0 | D:1      | sugabear set off with: a box of beasts, a +0 shortbow, 23 arrows, the Incunabulum of the Mountains, a +0 robe, a bread ration
     0 | D:1      | Reached XP level 1. HP: 13/13 MP: 4/4
     0 | D:1      | Identified the Incunabulum of the Mountains
   114 | D:1      | Reached XP level 2. HP: 15/19 MP: 5/5
   495 | D:1      | Found a blossoming altar of Fedhas.
   513 | D:1      | Reached XP level 3. HP: 5/25 MP: 7/7
   520 | D:1      | HP: 1/25 [jackal (1)]
   521 | D:1      | Slain by a jackal

Vault maps used:
D:1:      eino_arrival_cavern_a, kennysheep_flooded_box

Action                   || total
-------------------------++-------
Melee: Club              ||    35
       Bite              ||     3
 Fire: Shortbow          ||    33
Armor: Robe              ||     8
Dodge: Dodged            ||    29

Table legend:
 A = Spawn XP
 B = Non-spawn XP
 C = Spawn XP percentage of total XP
 D = Spawn monster count
 E = Non-spawn monster count
 F = Spawn count percentage of total count
 G = Total turns spent on level
                    A         B        C        D         E        F      G
               +---------+---------+-------+---------+---------+-------+---------
         Total |       0 |      37 |   0.0 |       0 |      20 |   0.0 |   521
               +---------+---------+-------+---------+---------+-------+---------
           D:1 |       0 |      37 |   0.0 |       0 |      20 |   0.0 |   521
               +---------+---------+-------+---------+---------+-------+---------
